AoeStats
← Buhr

Nomad

510832231Analyzed
4v4 RM · 8h ago on Oct 2, 2026· 33m 11s· 8 players
Game mode
Random Map
Map size
231×231
Population
200
Speed
Normal
Resources
Standard
Victory
Conquest
Starting age
Dark Age
Ending age
Imperial Age
RankedLock teamsTeams togetherTeam positionsShared explorationLock speedFull tech treeHidden civsTurbo modeCheats
Victory
Defeat
🇲🇽 Romans · Mexico
1453
+13
🇨🇳 Berbers · China
1451
+13
🇺🇸 Bengalis · United States
1439
+14
🇬🇧 Koreans · United Kingdom
1438
+13
🇲🇽 Mongols · Mexico
1602
-21
🇦🇷 Persians · Argentina
1521
-18
🇦🇷 Franks · Argentina
1263
-9
🇲🇽 Persians · Mexico
1132
-5
Buhr
6:02 Loom
19:05 Feudal Age
26:35 Castle Age
26:31 Double-Bit Axe
26:32 Town Watch
26:35 Horse Collar
29:03 Fletching
32:53 Bodkin Arrow
网恋被骗50块
5:16 Loom
18:02 Feudal Age
21:42 Castle Age
19:38 Stone Mining
19:56 Fishing Lines
20:46 Town Watch
20:48 Double-Bit Axe
20:50 Horse Collar
21:01 Fletching
22:22 Gillnets
23:34 Bow Saw
23:54 Bodkin Arrow
23:59 Padded Archer Armor
25:34 Leather Archer Armor
26:00 Gold Mining
27:56 Wheelbarrow
28:55 Ballistics
29:08 Kasbah
willrhyd
12:09 Feudal Age
12:49 Double-Bit Axe
16:22 Loom
18:46 Castle Age
17:11 Fishing Lines
20:06 Medium Warships
20:07 Bow Saw
23:46 Wheelbarrow
23:15 Gillnets
24:13 Fletching
30:14 Imperial Age
27:46 Bodkin Arrow
27:48 Elite Skirmisher
30:41 Ballistics
30:25 Horse Collar
32:28 Chemistry
32:53 Bracer
Kanon
4:45 Loom
12:22 Feudal Age
13:55 Man-at-Arms
14:50 Scale Mail Armor
25:30 Forging
29:16 Double-Bit Axe
30:41 Horse Collar
VL HippieBien
7:48 Loom
27:40 Feudal Age
31:25 Castle Age
30:29 Double-Bit Axe
VL Formolin
4:44 Loom
13:26 Feudal Age
17:17 Castle Age
15:03 Fishing Lines
22:56 Fletching
32:36 Bodkin Arrow
VL Dr Cascote
4:45 Loom
16:47 Feudal Age
22:29 Double-Bit Axe
26:45 Castle Age
26:14 Wheelbarrow
26:55 Fishing Lines
29:24 Castle Age
30:17 Forging
VL Mano
5:06 Loom
22:34 Feudal Age
23:00 Double-Bit Axe
29:36 Town Watch
30:32 Wheelbarrow
Connection lost

Rejoining the realm…

Still unreachable

The connection could not be restored.

Session expired

The server has moved on; the page needs a fresh start.